AoeStats
← Sapor123

Arabia

510065199Analyzed
1v1 RM · 4d ago on Sep 29, 2026· 25m 48s· 2 players
Game mode
Random Map
Map size
Tiny (2 player)
Population
200
Speed
Normal
Resources
Standard
Victory
Conquest
Starting age
Dark Age
Ending age
Imperial Age
RankedLock teamsTeams togetherTeam positionsShared explorationLock speedFull tech treeHidden civsTurbo modeCheats
Victory
Defeat
🇨🇳 Muisca · China
1335
+15
🇬🇧 Tatars · United Kingdom
1323
-15
Sapor123
6:50 Loom
8:55 Feudal Age
9:31 Double-Bit Axe
10:56 Horse Collar
18:13 Forging
20:09 Padded Archer Armor
21:52 Fletching
人生😈百态
5:50 Loom
5:53 Loom
10:56 Feudal Age
11:49 Double-Bit Axe
11:34 Champi Runner
17:40 Forging
24:27 Castle Age
23:12 Horse Collar
24:28 Champi Warrior
25:12 Squires
25:21 Scale Mail Armor
Connection lost

Rejoining the realm…

Still unreachable

The connection could not be restored.

Session expired

The server has moved on; the page needs a fresh start.